 Dungeon Crawl Stone Soup version 0.32-a0-779-g362cfca (webtiles) character file.

Game seed: 17909698453541762447

1 Anonymous1 the Trooper (level 1, 0/19 HPs)
             Began as a Mountain Dwarf Fighter on Mar 19, 2024.
             Slain by a rat (2 damage)
             ... on level 1 of the Dungeon.
             The game lasted 00:00:10 (54 turns).

Anonymous1 the Trooper (Mountain Dwarf Fighter)       Turns: 54, Time: 00:00:11

Health: 0/19       AC:  6    Str: 18    XL:     1   Next: 16%
Magic:  1/1        EV:  8    Int:  8    God:
Gold:   0          SH:  4    Dex:  9    Spells: 0/0 levels left

rFire   . . .        a - +0 war axe
rCold   . . .        c - +0 buckler
rNeg    . . .        b - +0 scale mail
rPois   .            (no helmet)
rElec   .            (no cloak)
rCorr   .            (no gloves)
SInv    .            (no boots)
Will    .....        (no amulet) Stlth
                     (no ring)
HPRegen 0.23/turn    (no ring)
MPRegen 0.07/turn

%: no passive effects
@: no status effects
A: runic magic, artefact enchanting
a: no special abilities


You were on level 1 of the Dungeon.
You visited 1 branch of the dungeon, and saw 1 of its levels.

Inventory:

Hand Weapons
 a - a +0 war axe (weapon)
 e - a +2 dagger of electrocution
Armour
 b - a +0 scale mail (worn)
 c - a +0 buckler (worn)
Potions
 d - a potion of might


   Skills:
 + Level 3.3 Fighting
 * Level 2.4 Axes
 + Level 3.3 Armour
 + Level 3.3 Shields


You couldn't memorise any spells.
You didn't know any spells.
Your spell library was empty.

Dungeon Overview and Level Annotations

Branches:
Dungeon (1/15)

Altars:


Innate Abilities, Weirdness & Mutations

Your spellcasting is much less encumbered by armour.
You can use scrolls of enchantment on lesser artefacts.


Message History

There is an open door here.
There is a staircase leading out of the dungeon here.
There is an open door here.
There is an open door here.
There is an open door here.
A kobold comes into view.
It is wielding a +2 dagger of electrocution.
The kobold shouts!
You hear a shout!
The kobold hits you with a +2 dagger of electrocution.
You hit the kobold.
The kobold is heavily wounded.
The kobold completely misses you.
A rat comes into view.
You barely miss the kobold.
The kobold is heavily wounded.
You block the kobold's attack.
You closely miss the kobold.
The kobold is heavily wounded.
The kobold hits you but does no damage.
The kobold hits you with a +2 dagger of electrocution.
You are electrocuted!
Ouch! That really hurt!
* * * LOW HITPOINT WARNING * * *
You hit the kobold.
You kill the kobold!
A goblin comes into view. It is wielding a +0 dagger.
The rat bites you but does no damage.
Things that are here:
a +2 dagger of electrocution; a kobold corpse You barely miss the rat.
The rat bites you.
* * * LOW HITPOINT WARNING * * *
The rat bites you but does no damage.
You are too injured to fight recklessly!
You are too injured to fight recklessly!
You closely miss the rat. The rat bites you but does no damage.
e - a +2 dagger of electrocution The rat bites you.
* * * LOW HITPOINT WARNING * * *
You hit the rat but do no damage. The rat bites you but does no damage.
You barely miss the rat. You block the rat's attack. The rat bites you.
You die...

. .. ... .... .....
######......
#..@rg.# ##.######
#..# ##.##
#########..#
#.....>...#######
#................
####'#.###########..
.....'.#


You could see a goblin and a rat.

Vanquished Creatures
  A kobold (D:1)
1 creature vanquished.

Notes
Turn   | Place    | Note
-------+----------+-------------------------------------------
     0 | D:1      | Anonymous1 the Mountain Dwarf Fighter began the quest for
                  | the Orb.
     0 | D:1      | Reached XP level 1. HP: 19/19 MP: 1/1
    54 | D:1      | Slain by a rat

Illustrated notes

Levels and vault maps discovered:
D:1:      ncdulo_smallfort, layout_rooms

Action                     || total
---------------------------++-------
  Melee: War axe           ||     8
 Armour: Scale mail        ||    10
  Dodge: Dodged            ||     1
  Block: Buckler           ||     2

Table legend: (Time is in decaauts)
 A = Elapsed time spent in this place.
 B = Non-inter-level travel time spent in this place.
 C = Inter-level travel time spent in this place.
 D = Time resting spent in this place.
 E = Time spent auto-exploring this place.
 F = Levels seen in this place.
 G = Mean time per level.
                   A        B        C        D        E       F      G
               +--------+--------+--------+--------+--------+-----+--------+
         Total |     56 |     56 |      0 |      0 |     39 |   1 |   56.0 |
       Dungeon |     56 |     56 |      0 |      0 |     39 |   1 |   56.0 |
               +--------+--------+--------+--------+--------+-----+--------+

Top non-repeatable levels by time:
     D:1: 56 daAuts
